 Dungeon Crawl Stone Soup version 0.22-a0-617-g6d95e9e (webtiles) character file.

611 Gildeon the Cutter (level 7, -2/40 HPs)
             Began as a Kobold Assassin on July 12, 2018.
             Was a Follower of Dithmenos.
             Slain by a river rat (9 damage)
             ... in a sewer.
             The game lasted 00:25:54 (4666 turns).

Gildeon the Cutter (Kobold Assassin)                Turns: 4666, Time: 00:25:55

Health: -2/40      AC:  3    Str: 10    XL:     7   Next: 72%
Magic:  7/7        EV: 17    Int: 12    God:    Dithmenos [*.....]
Gold:   204        SH:  0    Dex: 17    Spells: 3/6 levels left

rFire    . . .     SeeInvis .   m - +3 dagger (venom)
rCold    . . .     Gourm    .   (shield restricted)
rNeg     . . .     Faith    .   c - +0 robe
rPois    .         Spirit   .   (no helmet)
rElec    .         Reflect  .   d - +0 cloak
rCorr    .         Harm     .   (no gloves)
MR       .....                  (no boots)
Stlth    ++++......             (no amulet)
HPRegen  0.13/turn              (no ring)
MPRegen  0.10/turn              (no ring)

@: wreathed by umbra
A: small, carnivore
a: Renounce Religion


You were in a sewer.
You worshipped Dithmenos.
Dithmenos was aware of your devotion.
You were completely stuffed.

You visited 2 branches of the dungeon, and saw 6 of its levels.
You also visited: Sewer.

You collected 204 gold pieces.

Inventory:

Hand Weapons
 a - a +3 dagger
 b - a +0 blowgun
 m - a +3 dagger of venom (weapon)
Missiles
 e - 7 poisoned needles
 f - a curare-tipped needle
Armour
 c - a +0 robe (worn)
 d - a +0 cloak (worn)
Scrolls
 h - a scroll of remove curse
 l - 2 scrolls of amnesia
Potions
 i - a potion of haste
 j - a potion of magic
 n - a potion of berserk rage {unknown}
 o - a potion of mutation {unknown}
 p - a potion of curing {unknown}
 q - a potion of resistance {unknown}
Comestibles
 g - 9 rations
 r - 2 chunks of flesh


   Skills:
 - Level 2.1 Fighting
 * Level 7.7 Short Blades
 - Level 2.1 Throwing
 + Level 4.6 Dodging
 + Level 7.7 Stealth


You had 3 spell levels left.
You knew the following spells:

 Your Spells              Type           Power        Failure   Level  Hunger
a - Confuse               Hex            #.......     69%         3    ####...

Your spell library contained the following spells:

 Spells                   Type           Power        Failure   Level  Hunger
 Confusing Touch          Hex            #.....       32%         1    ##.....
 Metabolic Englaciation   Hex/Ice        #.........   100%        5    ######.
 Petrify                  Tmut/Erth      #.......     97%         4    #####..
 Gell's Gravitas          Tloc           #.........   69%         3    ####...
 Yara's Violent Unravell  Hex/Tmut       #.........   100%        5    ######.


Dungeon Overview and Level Annotations

Branches:
Dungeon (5/15)             Temple (1/1) D:4

Altars:
Ashenzari
Cheibriados
Dithmenos
Elyvilon
Fedhas
Gozag
Hepliaklqana
Kikubaaqudgha
Makhleb
Nemelex Xobeh
Okawaru
Qazlal
Ru
Sif Muna
Trog
Uskayaw
Wu Jian
Xom
Yredelemnul
Zin

Shops:
D:4 :

Annotations:
D:3 1 runed door, Mgcat's ghost, amateur BaMo
D:4 exclusion: phantom


Innate Abilities, Weirdness & Mutations

You are small and have problems with some larger weapons.
You are carnivorous and can eat meat at any time.


Message History

You kill the river rat!
Dithmenos accepts your kill. The river rat barely misses you.
You hit the river rat.
The river rat is poisoned.
The river rat is lightly wounded.
The river rat bites you.
* * * LOW HITPOINT WARNING * * *
The ball python misses you. The ball python closely misses you.
You hit the ball python.
The ball python is poisoned.
The ball python is severely wounded.
You kill the ball python!
Dithmenos accepts your kill.
You hit the river rat but do no damage.
The river rat looks as sick as possible!
The river rat is lightly wounded.
The river rat barely misses you.
You closely miss the river rat.
The river rat is moderately wounded.
The river rat bites you!
You die...

###############
≈≈≈≈≈≈≈≈≈≈≈≈..###
≈≈≈≈≈≈≈≈≈≈≈≈....##
≈≈≈≈≈≈≈≈≈≈†≈≈.†..##
#≈≈#≈≈#≈≈≈≈≈...r@.#
≈≈≈≈≈≈≈#≈≈≈≈......#
≈≈≈.÷≈≈≈≈≈≈≈#.....#
##############....#
##...# ##...# ....#
....# ..##


You could see a river rat.

Vanquished Creatures
  Sigmund (D:2)
  An ogre (D:4)
  A hound (D:4)
  An orc priest (D:2)
  An orc wizard (D:2)
  A bullfrog skeleton (D:5)
  An iguana (D:4)
  Jessica (D:3)
  A worker ant (D:4)
  6 adders
  3 river rats (Sewer)
  An ooze (D:2)
  2 worms
  A dart slug (D:3)
  4 leopard geckos
  2 orcs
  3 ball pythons (Sewer)
  8 bats
  4 giant cockroaches
  4 goblins
  9 hobgoblins
  7 jackals
  A quokka (D:4)
  4 frilled lizards
  8 kobolds
  19 rats
95 creatures vanquished.

Vanquished Creatures (others)
  An orc wizard (D:2)
1 creature vanquished.

Grand Total: 96 creatures vanquished

Notes
Turn   | Place    | Note
-------+----------+-------------------------------------------
     0 | D:1      | Gildeon the Kobold Assassin began the quest for the Orb.
     0 | D:1      | Reached XP level 1. HP: 12/12 MP: 1/1
   179 | D:1      | Reached XP level 2. HP: 17/17 MP: 2/2
   898 | D:1      | Reached XP level 3. HP: 16/21 MP: 3/3
  1360 | D:2      | Found a burning altar of Makhleb.
  1813 | D:2      | Reached XP level 4. HP: 20/26 MP: 4/4
  1842 | D:2      | Found a white marble altar of Elyvilon.
  1930 | D:2      | Reached XP level 5. HP: 30/30 MP: 5/5
  2031 | D:2      | Reached skill level 5 in Short Blades
  2059 | D:2      | Found a snail-covered altar of Cheibriados.
  2189 | D:2      | Noticed Sigmund
  2191 | D:2      | Killed Sigmund
  2191 | D:2      | Reached XP level 6. HP: 35/35 MP: 6/6
  2799 | D:3      | Found a runed door.
  2807 | D:3      | Noticed Mgcat's ghost (amateur BaMo)
  2852 | D:3      | Found a sparkling altar of Nemelex Xobeh.
  2916 | D:3      | Noticed Jessica
  2919 | D:3      | Killed Jessica
  3074 | D:3      | Learned a level 3 spell: Confuse
  3166 | D:4      | Reached XP level 7. HP: 35/40 MP: 7/7
  3187 | D:4      | Found a staircase to the Ecumenical Temple.
  3193 | Temple   | Entered the Ecumenical Temple
  3207 | Temple   | Became a worshipper of Dithmenos the Shadowed
  3712 | D:4      | Found an iron altar of Okawaru.
  3797 | D:4      | Found Vupsoh's Book Shop.
  3873 | D:5      | Entered Level 5 of the Dungeon
  4310 | D:5      | Found a glowing drain.
  4314 | Sewer    | Entered a sewer
  4606 | Sewer    | Reached * piety under Dithmenos
  4631 | Sewer    | HP: 2/40 [river rat (6)]
  4666 | Sewer    | Slain by a river rat

Vault maps used:
D:1:      dpeg_arrival_three_same_balls
D:2:      nicolae_overflow_hidden_temple, overflow_temple_1_default,
          overflow_temple_1_default, first_ration, uniq_sigmund
D:3:      old_standard_altar, ebering_ghost_reflecting_pool, dk_noncrumbling_3,
          uniq_jessica
D:4:      kennysheep_mini_moat, temple_green, serial_shops, shop,
          minmay_misc_feat_tower
D:5:      gup_sewer_entry_bowl, basic_altar
Temple:   regret_index_temple_waves
Sewer:    sewer_minmay_w

Skill      XL: |  1  2  3  4  5  6  7 |
---------------+----------------------+-----
Short Blades   | 3 4 6 7 |  7.7
Dodging        | 2 3 4 |  4.6
Stealth        | 6 7 |  7.7
Fighting       | |  2.1
Throwing       | |  2.1

Action                   |  1- 3 |  4- 6 |  7- 9 || total
-------------------------+-------+-------+-------++-------
Melee: Dagger            |   124 |    89 |   112 ||   325
 Fire: Blowgun           |    10 |    11 |     8 ||    29
  Use: Potion            |     1 |       |     1 ||     2
       Scroll            |       |     8 |       ||     8
 Stab: Sleeping          |    10 |     8 |     1 ||    19
       Distracted        |       |     1 |     1 ||     2
  Eat: Chunk             |    11 |     4 |     5 ||    20
Armor: Robe              |    24 |    10 |    16 ||    50
Dodge: Dodged            |   116 |    45 |   151 ||   312

Table legend:
 A = Spawn XP
 B = Non-spawn XP
 C = Spawn XP percentage of total XP
 D = Spawn monster count
 E = Non-spawn monster count
 F = Spawn count percentage of total count
 G = Total turns spent on level
                    A         B        C        D         E        F      G
               +---------+---------+-------+---------+---------+-------+---------
         Total |       0 |     874 |   0.0 |       0 |      95 |   0.0 |  4666
               +---------+---------+-------+---------+---------+-------+---------
           D:1 |       0 |      30 |   0.0 |       0 |      19 |   0.0 |  1139
           D:2 |       0 |     358 |   0.0 |       0 |      25 |   0.0 |  1184
           D:3 |       0 |     100 |   0.0 |       0 |      15 |   0.0 |   772
           D:4 |       0 |     254 |   0.0 |       0 |      11 |   0.0 |   645
           D:5 |       0 |      49 |   0.0 |       0 |       5 |   0.0 |   441
         Sewer |       0 |      83 |   0.0 |       0 |      20 |   0.0 |   352
               +---------+---------+-------+---------+---------+-------+---------
